Map: Ascension to Aiur LE

Players

RiSky

  • Race: Zerg Zerg
  • Spawn Location: 11:00

SortOf - Winner!

  • Race: Zerg Zerg
  • Spawn Location: 5:00

Event: WCS Valencia 2017

VOD

Have the link to the VOD?

Description

Time

  • Played on: July 13, 2017, 9:34 a.m.
  • Length: 6:36

All games in this series

Show
View Real Time Build Order
Export as new Build Order

RiSky Zerg 

Build Orders: Pool First 

Get SALT Encoding   

  12  0:00  Drone  
  13  0:12  Overlord  
  13  0:16  Drone  
  14  0:30  Drone x2  
  14  0:34  Drone  
  17  0:39  Extractor  
  16  0:45  Drone  
  16  0:49  Spawning Pool  
  16  0:55  Drone  
  17  1:14  Hatchery  
  16  1:19  Drone  
  16  1:23  Drone  
  18  1:36  Queen  
  20  1:41  Metabolic Boost  
  20  1:45  Zergling x2  
  21  1:48  Zergling x2  
  22  1:55  Overlord  
  22  2:07  Baneling Nest  
  22  2:08  Zergling x2  
  22  2:15  Queen  
  22  2:18  Zergling x2  
  22  2:21  Zergling x2  
  26  2:26  Zergling x2  
  27  2:33  Zergling x2  
  28  2:37  Zergling x2  
  28  2:43  Zergling x4  
  31  2:46  Zergling x2  
  31  2:50  Baneling  
  31  2:51  Baneling x2  
  32  2:54  Baneling  
  32  2:55  Zergling x2  
  33  3:00  Overlord  
  33  3:05  Drone  
  34  3:07  Drone  
  34  3:12  Drone  
  36  3:18  Drone x2  
  38  3:21  Drone  
  35  3:40  Drone  
  35  3:41  Drone x5  
  35  3:45  Drone  
  35  3:46  Zergling x2  
  35  3:52  Zergling x2  
  35  3:53  Drone x2  
  35  3:54  Drone  
  39  3:57  Drone  
  40  4:04  Baneling x2  
  40  4:07  Zergling x4  
  42  4:10  Baneling  
  42  4:14  Overlord  
  42  4:21  Drone  
  43  4:26  Drone  
  43  4:31  Overlord x2  
  43  4:35  Drone  
  43  4:36  Drone x3  
  47  4:39  Extractor  
  46  4:45  Drone  
  46  4:49  Zergling x2  
  46  4:51  Queen  
  46  4:52  Zergling x2  
  48  4:53  Lair  
  48  4:56  Extractor x2  
  48  4:57  Zergling x2  
  48  4:58  Extractor  
  46  5:02  Zergling x2  
  46  5:03  Zergling x4  
  49  5:09  Zergling x6  
  49  5:11  Baneling  
  37  5:31  Drone x4  
  37  5:33  Drone  
  38  5:36  Drone  
  38  5:37  Drone  
  38  5:39  Drone  
  38  5:40  Drone  
  38  5:41  Baneling  
  42  5:46  Drone  
  42  5:48  Drone  
  44  5:56  Hatchery  
  41  6:04  Roach Warren  
  41  6:09  Drone x2  
  42  6:15  Zergling x2  
  42  6:16  Spine Crawler  
  42  6:18  Zergling x2  
Show
View Real Time Build Order
Export as new Build Order

SortOf Zerg - Winner!

Build Orders: Hatch First, Zergling Baneling 

Get SALT Encoding   

  12  0:00  Drone  
  13  0:13  Overlord  
  13  0:17  Drone  
  14  0:31  Drone  
  14  0:32  Drone  
  16  0:36  Drone  
  17  0:52  Hatchery  
  17  0:54  Drone  
  17  0:58  Drone  
  17  1:01  Extractor  
  17  1:13  Spawning Pool  
  17  1:16  Drone  
  17  1:20  Drone  
  18  1:29  Drone  
  19  1:40  Overlord  
  19  1:52  Drone  
  20  2:00  Queen  
  20  2:01  Metabolic Boost  
  22  2:02  Zergling x2  
  22  2:04  Queen  
  22  2:08  Zergling x2  
  26  2:12  Zergling x2  
  27  2:17  Drone  
  27  2:22  Baneling Nest  
  27  2:24  Drone  
  27  2:28  Drone  
  29  2:33  Drone  
  30  2:38  Drone  
  31  2:47  Drone  
  32  2:53  Hatchery  
  31  2:58  Overlord  
  31  3:03  Zergling x2  
  32  3:06  Zergling x2  
  32  3:09  Zergling x4  
  32  3:10  Zergling x2  
  35  3:14  Zergling x2  
  35  3:18  Zergling x4  
  38  3:23  Baneling x2  
  38  3:25  Zergling x4  
  38  3:26  Baneling  
  39  3:27  Baneling  
  39  3:32  Zergling x4  
  38  3:41  Zergling x4  
  31  3:44  Baneling x2  
  31  3:45  Drone  
  31  3:50  Queen  
  31  3:54  Drone  
  34  4:00  Drone x2  
  36  4:06  Drone  
  36  4:07  Drone  
  36  4:09  Overlord  
  38  4:16  Drone x2  
  40  4:20  Drone x3  
  43  4:27  Drone  
  43  4:34  Zergling x2  
  43  4:35  Zergling x10  
  48  4:43  Drone  
  48  4:45  Overlord  
  49  4:49  Drone  
  49  4:50  Queen  
  49  4:51  Overlord  
  51  4:55  Baneling  
  51  4:56  Baneling  
  51  5:00  Roach Warren, Drone x2  
  52  5:08  Drone x2  
  52  5:09  Drone x3  
  52  5:13  Extractor  
  54  5:17  Overlord  
  51  5:33  Zergling x2  
  51  5:34  Zergling x2, Overlord  
  49  5:36  Overlord  
  49  5:38  Zergling x2  
  49  5:40  Roach x6  
  62  5:44  Roach  
  62  5:47  Roach  
  66  5:52  Roach  
  66  5:54  Baneling x2  
  68  5:58  Roach  
  70  6:05  Zergling x22  
  70  6:10  Zergling x4  
  83  6:17  Zergling x2  
  83  6:18  Zergling x2  
Tags
 
Add a new tag
Caveats
  • Supply blocks, unpowered buildings, or Contaminate may cause inaccurate times.
  • Supply counts are checked every 10 seconds.